| TOP OF THE 1ST |
|
Texas (APP) Rangers batting - Pitching for Orem Owlz : LHP Paul Griffin
|
|
Pitching: LHP Paul Griffin
|
|
|
Batting: RHB Jay De Angelis
|
0-0: Called Strike 0-1: Ball 1-1: Fly out, F9 (Flyball, 89M, EV 96.9 MPH)
|
|
Batting: LHB Walter Vegter
|
0-0: Called Strike 0-1: Ball 1-1: Ball 2-1: Foul Ball, location: 2F 2-2: Ball 3-2: Base on Balls
|
|
Batting: RHB Robby Adair
|
0-0: Ball Walter Vegter steals 2nd, throwing error, E2 Walter Vegter to third 1-0: Swinging Strike 1-1: Called Strike 1-2: Foul Ball, location: 2F 1-2: Fly out, F9 (Flyball, 9, EV 87.5 MPH) Runner from 3rd tags up, SCORES, throw by RF
|
|
Batting: RHB Ryan Pastore
|
0-0: Swinging Strike 0-1: SINGLE (Flyball, 8LS, EV 94.4 MPH)
|
|
Batting: RHB David Redman
|
0-0: Called Strike 0-1: Ball 1-1: Fielders Choice at 2nd, 5-4 (Groundball, 56, EV 106.9 MPH)
|
| Top of the 1st over - 1 run, 1 hit, 1 error, 1 left on base; Texas (APP) 1 - Orem 0 |
| BOTTOM OF THE 1ST |
|
Orem Owlz batting - Pitching for Texas (APP) Rangers : LHP Ken Berger
|
|
Pitching: LHP Ken Berger
|
|
|
Batting: SHB Butch Brown
|
0-0: Foul Ball, location: 2F 0-1: Ball 1-1: Ball 2-1: Ball 3-1: Ground out 6-3 (Groundball, 6, EV 90.0 MPH)
|
|
Batting: LHB Justin Alexander
|
0-0: Ball 1-0: Ball 2-0: Foul Ball, location: 2F 2-1: Ball 3-1: Base on Balls
|
|
Batting: RHB Ryan Pelletier
|
0-0: Called Strike 0-1: Ball 1-1: SINGLE (Groundball, 4MD, EV 103.8 MPH) Justin Alexander to second Runner from 2nd tries for 3rd, SAFE, throw by CF made to third
|
|
Batting: RHB Mike Alm
|
0-0: Ball 1-0: Fly out, F8 (Line Drive, 8RD, EV 95.0 MPH) Runner from 3rd tags up, OUT at HOME! 8-2
|
| Bottom of the 1st over - 0 runs, 1 hit, 0 errors, 1 left on base; Texas (APP) 1 - Orem 0 |
| TOP OF THE 2ND |
|
Texas (APP) Rangers batting - Pitching for Orem Owlz : LHP Paul Griffin
|
|
Batting: RHB Matt Silva
|
0-0: Ball 1-0: Ball 2-0: Ball 3-0: Base on Balls
|
|
Batting: SHB Mark Paquin
|
0-0: Called Strike 0-1: Called Strike 0-2: Foul Ball, location: 2F 0-2: Ball 1-2: Foul Ball, location: 2F 1-2: Ball 2-2: Foul Ball, location: 2F 2-2: SINGLE (Groundball, 34D, EV 98.1 MPH) Matt Silva to second Runner from 2nd tries for 3rd, SAFE, throw by RF made to third Mark Paquin to second
|
|
Batting: RHB Rafael Tapia
|
0-0: Called Strike 0-1: Ball 1-1: Fly out, F2 (Popup, 5SF, EV 82.5 MPH)
|
|
Batting: LHB Tomoya Hashimoto
|
0-0: Ball 1-0: Foul Ball, location: 2F 1-1: Ball 2-1: Ball 3-1: Called Strike 3-2: Foul Ball, location: 2F 3-2: Base on Balls
|
|
Batting: RHB Jay De Angelis
|
0-0: Ball Wild Pitch! Matt Silva scores Mark Paquin to third Tomoya Hashimoto to second 1-0: Ball 2-0: Ball 3-0: Called Strike 3-1: Base on Balls
|
|
Batting: LHB Walter Vegter
|
0-0: Ball 1-0: Called Strike 1-1: Ball 2-1: Called Strike 2-2: DOUBLE (Line Drive, 78XD, EV 105.6 MPH) Mark Paquin scores Tomoya Hashimoto scores Jay De Angelis to third Runner from 3rd tries for Home, throw by LF and OUT! 7-6-2 Walter Vegter to third
|
|
Batting: RHB Robby Adair
|
0-0: Swinging Strike 0-1: Ball 1-1: Foul Ball, location: 2F 1-2: Foul Ball, location: 2F 1-2: Strikes out looking
|
| Top of the 2nd over - 3 runs, 2 hits, 0 errors, 1 left on base; Texas (APP) 4 - Orem 0 |
| BOTTOM OF THE 2ND |
|
Orem Owlz batting - Pitching for Texas (APP) Rangers : LHP Ken Berger
|
|
Batting: LHB Brett Bugge
|
0-0: Ball 1-0: Called Strike 1-1: Ball 2-1: Ball 3-1: SINGLE (Groundball, 4D, EV 101.9 MPH)
|
|
Batting: RHB Danny Bjarnson
|
0-0: Ball 1-0: Ball Wild Pitch! Brett Bugge to second 2-0: Swinging Strike 2-1: Ball 3-1: Base on Balls
|
|
Batting: RHB J.R. Roberts
|
0-0: Called Strike 0-1: Swinging Strike 0-2: Ball 1-2: Ball 2-2: Ball 3-2: Base on Balls Brett Bugge to third Danny Bjarnson to second
|
|
Batting: RHB Kinya Nishimura
|
0-0: Fly out, F8 (Line Drive, 8RM, EV 98.8 MPH)
|
|
Batting: RHB Malachi Ephron
|
0-0: Called Strike 0-1: Ball 1-1: Fly out, F6 (Line Drive, 6, EV 68.1 MPH)
|
|
Batting: SHB Butch Brown
|
0-0: Ball 1-0: Ball 2-0: Ball 3-0: Base on Balls Brett Bugge scores Danny Bjarnson to third J.R. Roberts to second
|
|
Batting: LHB Justin Alexander
|
0-0: Ball 1-0: Ball 2-0: Foul Ball, location: 2F 2-1: Ball 3-1: Base on Balls Danny Bjarnson scores J.R. Roberts to third Butch Brown to second
|
|
Batting: RHB Ryan Pelletier
|
0-0: SINGLE (Groundball, 6MD, EV 95.0 MPH) J.R. Roberts scores Butch Brown to third Justin Alexander to second Runner from 3rd tries for Home, SAFE, throw by CF to home
|
|
Batting: RHB Mike Alm
|
0-0: Ball 1-0: Called Strike 1-1: Swinging Strike 1-2: Foul Ball, location: 2F 1-2: Foul Ball, location: 2F 1-2: Strikes out swinging
|
| Bottom of the 2nd over - 4 runs, 2 hits, 0 errors, 2 left on base; Texas (APP) 4 - Orem 4 |
| TOP OF THE 3RD |
|
Texas (APP) Rangers batting - Pitching for Orem Owlz : LHP Paul Griffin
|
|
Batting: RHB Ryan Pastore
|
0-0: Ground out U3 (Groundball, 3S, EV 64.4 MPH)
|
|
Batting: RHB David Redman
|
0-0: Called Strike 0-1: Foul Ball, location: 2F 0-2: Ball 1-2: Strikes out swinging
|
|
Batting: RHB Matt Silva
|
0-0: Ball 1-0: Ball 2-0: SINGLE (Groundball, 6MD, EV 95.0 MPH)
|
|
Batting: SHB Mark Paquin
|
0-0: Called Strike 0-1: Foul Ball, location: 2F 0-2: Foul Ball, location: 2F 0-2: Foul Ball, location: 2F 0-2: Ball 1-2: Ball 2-2: Ball 3-2: Base on Balls Matt Silva to second
|
|
Batting: RHB Rafael Tapia
|
0-0: Called Strike 0-1: Ball 1-1: Ball 2-1: Foul Ball, location: 2F 2-2: Ground out 5-3 (Groundball, 56S, EV 78.8 MPH)
|
| Top of the 3rd over - 0 runs, 1 hit, 0 errors, 2 left on base; Texas (APP) 4 - Orem 4 |
| BOTTOM OF THE 3RD |
|
Orem Owlz batting - Pitching for Texas (APP) Rangers : LHP Ken Berger
|
|
Batting: LHB Brett Bugge
|
0-0: Ball 1-0: SINGLE (Flyball, 9LS, EV 88.8 MPH)
|
|
Batting: RHB Danny Bjarnson
|
0-0: Called Strike 0-1: Ball 1-1: Foul Ball, location: 2F 1-2: SINGLE (Flyball, 78S, EV 90.6 MPH) Brett Bugge to second
|
|
Batting: RHB J.R. Roberts
|
0-0: Called Strike 0-1: Ball 1-1: Swinging Strike 1-2: Ball 2-2: Grounds into double play, 6-4-3 (Groundball, 6, EV 91.3 MPH) Brett Bugge to third
|
|
Batting: RHB Kinya Nishimura
|
0-0: Called Strike 0-1: SINGLE (Line Drive, 8LS, EV 103.1 MPH) Brett Bugge scores
|
|
Batting: RHB Malachi Ephron
|
0-0: SINGLE (Groundball, 56D, EV 100.6 MPH) Kinya Nishimura to second
|
|
Batting: SHB Butch Brown
|
0-0: Foul Ball, location: 2F 0-1: Swinging Strike 0-2: Ball 1-2: Ball 2-2: Foul Ball, location: 2F 2-2: Foul Ball, location: 2F 2-2: SINGLE (Groundball, 4M, EV 81.9 MPH) (infield hit) Kinya Nishimura to third Malachi Ephron to second
|
|
Batting: LHB Justin Alexander
|
0-0: Ball Passed Ball! Kinya Nishimura scores Malachi Ephron to third Butch Brown to second 1-0: Swinging Strike 1-1: Called Strike 1-2: Ball 2-2: Ball 3-2: Strikes out looking
|
| Bottom of the 3rd over - 2 runs, 5 hits, 0 errors, 2 left on base; Texas (APP) 4 - Orem 6 |
| TOP OF THE 4TH |
|
Texas (APP) Rangers batting - Pitching for Orem Owlz : LHP Paul Griffin
|
|
Pitching: RHP Owen Prouty
|
|
|
Batting: LHB Tomoya Hashimoto
|
0-0: Foul Ball, location: 2F 0-1: Ball 1-1: Ball 2-1: Ball 3-1: Foul Ball, location: 2F 3-2: Strikes out swinging
|
|
Batting: RHB Jay De Angelis
|
0-0: Ball 1-0: Called Strike 1-1: Ball 2-1: Ball 3-1: Swinging Strike 3-2: SOLO HOME RUN (Flyball, 78XD, EV 112.5 MPH), Distance : 422 ft
|
|
Batting: LHB Walter Vegter
|
0-0: Ball 1-0: Swinging Strike 1-1: Foul Ball, location: 2F 1-2: Ball 2-2: Foul Ball, location: 2F 2-2: Strikes out swinging
|
|
Batting: RHB Robby Adair
|
0-0: Called Strike 0-1: Ground out 4-3 (Groundball, 4, EV 80.6 MPH)
|
| Top of the 4th over - 1 run, 1 hit, 0 errors, 0 left on base; Texas (APP) 5 - Orem 6 |
| BOTTOM OF THE 4TH |
|
Orem Owlz batting - Pitching for Texas (APP) Rangers : LHP Ken Berger
|
|
Batting: RHB Ryan Pelletier
|
0-0: Fly out, F7 (Line Drive, 7, EV 86.9 MPH)
|
|
Batting: RHB Mike Alm
|
0-0: Ball 1-0: Ball 2-0: Ball 3-0: Called Strike 3-1: Base on Balls
|
|
Batting: LHB Brett Bugge
|
0-0: Ball 1-0: Called Strike 1-1: Ball 2-1: Ball 3-1: Called Strike 3-2: SINGLE (Flyball, 7S, EV 99.4 MPH) Mike Alm to second
|
|
Pitching: RHP Katsuhito Hoshi
|
|
|
Batting: RHB Danny Bjarnson
|
0-0: Ball 1-0: Swinging Strike 1-1: Ball 2-1: Ball 3-1: Swinging Strike 3-2: Base on Balls Mike Alm to third Brett Bugge to second
|
|
Batting: RHB J.R. Roberts
|
0-0: Called Strike 0-1: Ball 1-1: Called Strike 1-2: Ball 2-2: Ball 3-2: Foul Ball, location: 2F 3-2: Base on Balls Mike Alm scores Brett Bugge to third Danny Bjarnson to second
|
|
Batting: RHB Kinya Nishimura
|
0-0: Called Strike 0-1: Swinging Strike 0-2: Grounds into fielders choice 4-2 (Groundball, 6M, EV 90.6 MPH) Danny Bjarnson to third J.R. Roberts to second
|
|
Batting: RHB Malachi Ephron
|
0-0: Ball 1-0: Swinging Strike Balk! Danny Bjarnson scores J.R. Roberts to third Kinya Nishimura to second 1-1: Ball 2-1: Foul Ball, location: 2F 2-2: Ball 3-2: Base on Balls
|
|
Batting: SHB Butch Brown
|
0-0: Swinging Strike 0-1: Ball 1-1: Ball 2-1: Foul Ball, location: 2F 2-2: Strikes out swinging
|
| Bottom of the 4th over - 2 runs, 1 hit, 0 errors, 3 left on base; Texas (APP) 5 - Orem 8 |
| TOP OF THE 5TH |
|
Texas (APP) Rangers batting - Pitching for Orem Owlz : RHP Owen Prouty
|
|
Batting: RHB Ryan Pastore
|
0-0: Ball 1-0: SOLO HOME RUN (Flyball, 7D, EV 105.6 MPH), Distance : 390 ft
|
|
Batting: RHB David Redman
|
0-0: Ball 1-0: Called Strike 1-1: Swinging Strike 1-2: Strikes out swinging
|
|
Batting: RHB Matt Silva
|
0-0: Ball 1-0: SINGLE (Flyball, 89S, EV 95.0 MPH)
|
|
Batting: SHB Mark Paquin
|
0-0: Called Strike 0-1: Ball 1-1: Foul Ball, location: 2F 1-2: Foul Ball, location: 2F 1-2: Foul Ball, location: 2F 1-2: Ball 2-2: Strikes out swinging
|
|
Pinch Hitting: LHB Steven Frederick
|
0-0: Ball 1-0: Foul Ball, location: 2F 1-1: Ball 2-1: Ball 3-1: Fielders Choice at 2nd, 6-4 (Groundball, 6, EV 81.3 MPH)
|
| Top of the 5th over - 1 run, 2 hits, 0 errors, 1 left on base; Texas (APP) 6 - Orem 8 |
| BOTTOM OF THE 5TH |
|
Orem Owlz batting - Pitching for Texas (APP) Rangers : RHP Katsuhito Hoshi
|
|
Now at 2B: Alex Lopez
|
|
|
Now at SS: Mark Paquin
|
|
|
Batting: LHB Justin Alexander
|
0-0: Foul Ball, location: 2F 0-1: Ball 1-1: Ball 2-1: Foul Ball, location: 2F 2-2: Ball 3-2: SOLO HOME RUN (Flyball, 9LD, EV 94.4 MPH), Distance : 343 ft
|
|
Batting: RHB Ryan Pelletier
|
0-0: Called Strike 0-1: SOLO HOME RUN (Line Drive, 7D, EV 98.1 MPH), Distance : 387 ft
|
|
Batting: RHB Mike Alm
|
0-0: Called Strike 0-1: Ball 1-1: Ball 2-1: Swinging Strike 2-2: Strikes out swinging
|
|
Pitching: RHP Logan Dietz
|
|
|
Batting: LHB Brett Bugge
|
0-0: Ball 1-0: Ball 2-0: DOUBLE (Groundball, 3L, EV 108.1 MPH)
|
|
Batting: RHB Danny Bjarnson
|
0-0: Intentional Walk
|
|
Batting: RHB J.R. Roberts
|
0-0: Ball 1-0: Swinging Strike 1-1: Ball Passed Ball! Brett Bugge to third Danny Bjarnson to second 2-1: Ball 3-1: Called Strike 3-2: Strikes out swinging
|
|
Batting: RHB Kinya Nishimura
|
0-0: Called Strike 0-1: Called Strike 0-2: DOUBLE (Groundball, 5L, EV 100.6 MPH) Brett Bugge scores Danny Bjarnson scores
|
|
Batting: RHB Malachi Ephron
|
0-0: Called Strike 0-1: Foul Ball, location: 2F 0-2: 2-RUN HOME RUN (Flyball, 7D, EV 98.1 MPH), Distance : 388 ft
|
|
Pitching: LHP Tony Bravo
|
|
|
Batting: SHB Butch Brown
|
0-0: Swinging Strike 0-1: Swinging Strike 0-2: Strikes out swinging
|
| Bottom of the 5th over - 6 runs, 5 hits, 0 errors, 0 left on base; Texas (APP) 6 - Orem 14 |
| TOP OF THE 6TH |
|
Texas (APP) Rangers batting - Pitching for Orem Owlz : RHP Owen Prouty
|
|
Batting: LHB Tomoya Hashimoto
|
0-0: Swinging Strike 0-1: Ball 1-1: Ball 2-1: Ball 3-1: Base on Balls
|
|
Batting: RHB Jay De Angelis
|
0-0: Called Strike 0-1: SINGLE (Groundball, 6M, EV 81.9 MPH) (infield hit) Tomoya Hashimoto to second
|
|
Batting: LHB Walter Vegter
|
0-0: Ball 1-0: Ball 2-0: Called Strike 2-1: Ball 3-1: Called Strike 3-2: 3-RUN HOME RUN (Line Drive, 9D, EV 100.0 MPH), Distance : 395 ft
|
|
Pitching: RHP Ed Raleigh
|
|
|
Batting: RHB Robby Adair
|
0-0: SINGLE (Line Drive, 7LM, EV 97.5 MPH)
|
|
Batting: RHB Ryan Pastore
|
0-0: Ball 1-0: Foul Ball, location: 2F 1-1: Ball 2-1: Swinging Strike 2-2: Grounds into double play, 1-6-3 (Groundball, 34S, EV 62.5 MPH)
|
|
Batting: RHB David Redman
|
0-0: Ball 1-0: Ground out 4-3 (Groundball, 4, EV 100.0 MPH)
|
| Top of the 6th over - 3 runs, 3 hits, 0 errors, 0 left on base; Texas (APP) 9 - Orem 14 |
| BOTTOM OF THE 6TH |
|
Orem Owlz batting - Pitching for Texas (APP) Rangers : LHP Tony Bravo
|
|
Batting: LHB Justin Alexander
|
0-0: Foul Ball, location: 2F 0-1: Swinging Strike 0-2: Foul Ball, location: 2F 0-2: Ball 1-2: Strikes out swinging
|
|
Batting: RHB Ryan Pelletier
|
0-0: Fly out, F8 (Line Drive, 8LM, EV 101.9 MPH)
|
|
Batting: RHB Mike Alm
|
0-0: Ball 1-0: Ball 2-0: Foul Ball, location: 2F 2-1: SOLO HOME RUN (Flyball, 78XD, EV 99.4 MPH), Distance : 415 ft
|
|
Batting: LHB Brett Bugge
|
0-0: Called Strike 0-1: Ground out 5-3 (Groundball, 56, EV 85.6 MPH)
|
| Bottom of the 6th over - 1 run, 1 hit, 0 errors, 0 left on base; Texas (APP) 9 - Orem 15 |
| TOP OF THE 7TH |
|
Texas (APP) Rangers batting - Pitching for Orem Owlz : RHP Ed Raleigh
|
|
Batting: RHB Matt Silva
|
0-0: Ground out 3-1 (Groundball, 13, EV 84.4 MPH)
|
|
Batting: SHB Mark Paquin
|
0-0: Ball 1-0: Swinging Strike 1-1: DOUBLE (Line Drive, 9LS, EV 98.8 MPH)
|
|
Batting: RHB Alex Lopez
|
0-0: Called Strike Mark Paquin steals 3rd base 0-1: Called Strike 0-2: Foul Ball, location: 2F 0-2: Ground out 6-3 (Groundball, 6, EV 100.6 MPH) Mark Paquin scores
|
|
Batting: LHB Tomoya Hashimoto
|
0-0: Ball 1-0: Ball 2-0: Ball 3-0: Ground out U3 (Groundball, 3, EV 90.0 MPH)
|
| Top of the 7th over - 1 run, 1 hit, 0 errors, 0 left on base; Texas (APP) 10 - Orem 15 |
| BOTTOM OF THE 7TH |
|
Orem Owlz batting - Pitching for Texas (APP) Rangers : LHP Tony Bravo
|
|
Batting: RHB Danny Bjarnson
|
0-0: Foul Ball, location: 2F 0-1: Called Strike 0-2: Ball 1-2: Ball 2-2: Fly out, F8 (Flyball, 8LD, EV 97.5 MPH)
|
|
Batting: RHB J.R. Roberts
|
0-0: SOLO HOME RUN (Flyball, 7D, EV 99.4 MPH), Distance : 366 ft
|
|
Batting: RHB Kinya Nishimura
|
0-0: Foul Ball, location: 2F 0-1: Ball 1-1: Ball 2-1: Foul Ball, location: 2F 2-2: Ball 3-2: Fly out, F8 (Flyball, 8RM, EV 93.1 MPH)
|
|
Batting: RHB Malachi Ephron
|
0-0: Ball 1-0: Swinging Strike 1-1: Ground out 6-3 (Groundball, 6, EV 80.6 MPH)
|
| Bottom of the 7th over - 1 run, 1 hit, 0 errors, 0 left on base; Texas (APP) 10 - Orem 16 |
| TOP OF THE 8TH |
|
Texas (APP) Rangers batting - Pitching for Orem Owlz : RHP Ed Raleigh
|
|
Batting: RHB Jay De Angelis
|
0-0: Called Strike 0-1: Ball 1-1: Ball 2-1: Ground out 6-3 (Groundball, 6, EV 83.1 MPH)
|
|
Batting: LHB Walter Vegter
|
0-0: Ball 1-0: Single, Error in OF, E9, batter to second base (Line Drive, 34, EV 102.5 MPH)
|
|
Batting: RHB Robby Adair
|
0-0: Called Strike 0-1: Foul Ball, location: 2F 0-2: Ball 1-2: Ball 2-2: Foul Ball, location: 2F 2-2: Foul Ball, location: 2F 2-2: Ball 3-2: Foul Ball, location: 2F 3-2: Base on Balls
|
|
Batting: RHB Ryan Pastore
|
0-0: Called Strike 0-1: Fly out, F6 (Line Drive, 6, EV 71.9 MPH)
|
|
Batting: RHB David Redman
|
0-0: Called Strike 0-1: Ball 1-1: Foul Ball, location: 2F 1-2: Ball 2-2: Ball 3-2: Ground out U3 (Groundball, 34, EV 80.0 MPH)
|
| Top of the 8th over - 0 runs, 1 hit, 1 error, 2 left on base; Texas (APP) 10 - Orem 16 |
| BOTTOM OF THE 8TH |
|
Orem Owlz batting - Pitching for Texas (APP) Rangers : LHP Tony Bravo
|
|
Pitching: LHP Andy Huguet
|
|
|
Batting: SHB Butch Brown
|
0-0: Ball 1-0: Ball 2-0: Called Strike 2-1: Swinging Strike 2-2: Fly out, F7 (Flyball, 7LS, EV 84.4 MPH)
|
|
Batting: LHB Justin Alexander
|
0-0: Called Strike 0-1: Foul Ball, location: 2F 0-2: Foul Ball, location: 2F 0-2: Strikes out swinging
|
|
Batting: RHB Ryan Pelletier
|
0-0: Ball 1-0: Foul Ball, location: 2F 1-1: Ball 2-1: Swinging Strike 2-2: Ball 3-2: Ground out 4-3 (Groundball, 4S, EV 91.3 MPH)
|
| Bottom of the 8th over - 0 runs, 0 hits, 0 errors, 0 left on base; Texas (APP) 10 - Orem 16 |
| TOP OF THE 9TH |
|
Texas (APP) Rangers batting - Pitching for Orem Owlz : RHP Ed Raleigh
|
|
Batting: RHB Matt Silva
|
0-0: Foul Ball, location: 2F 0-1: Ball 1-1: Ball 2-1: SINGLE (Groundball, 56D, EV 103.8 MPH)
|
|
Pitching: RHP Kennie Williams
|
|
|
Batting: SHB Mark Paquin
|
0-0: Ball 1-0: Foul Ball, location: 2F 1-1: Foul Ball, location: 2F 1-2: Ball 2-2: Strikes out swinging
|
|
Pinch Hitting: LHB Justin Wheelock
|
0-0: Ball 1-0: Ball 2-0: Called Strike 2-1: Foul Ball, location: 2F 2-2: Foul Ball, location: 2F 2-2: Foul Ball, location: 2F 2-2: Ball 3-2: Foul Ball, location: 2F 3-2: 2-RUN HOME RUN (Line Drive, 9LD, EV 92.5 MPH), Distance : 354 ft
|
|
Batting: LHB Tomoya Hashimoto
|
0-0: Foul Ball, location: 2F 0-1: Foul Ball, location: 2F 0-2: Ball 1-2: Ball 2-2: Foul Ball, location: 2F 2-2: Ball 3-2: Base on Balls
|
|
Batting: RHB Jay De Angelis
|
0-0: Foul Ball, location: 2F 0-1: Fly out, F9 (Flyball, 9, EV 73.1 MPH)
|
|
Pitching: RHP Simon Vogel
|
|
|
Batting: LHB Walter Vegter
|
0-0: Ball 1-0: Ground out U3 (Groundball, 3, EV 96.3 MPH)
|
| Top of the 9th over - 2 runs, 2 hits, 0 errors, 1 left on base; Texas (APP) 12 - Orem 16 |
|